[Event "DVM U10 2024"]
[Site "Duesseldorf"]
[Date "2024.12.28"]
[Round "4"]
[White "Nikolic, Luka"]
[Black "Lüttgen, Jona"]
[Result "0-1"]
[ECO "A80"]
[WhiteElo "1579"]
[BlackElo "1412"]
[Annotator "NA"]
[PlyCount "122"]
[EventDate "2024.12.23"]
[EventType "team-tourn"]
[EventRounds "7"]
[EventCountry "GER"]
[SourceTitle "playchess.com"]
[Source "ChessBase"]
[SourceQuality "1"]
[TimeControl "3300+5"]

1. d4 f5 2. Nc3 Nf6 3. Bg5 e6 4. Nf3 h6 5. Bxf6 Qxf6 6. e3 d5 7. Nb5 Na6 8. Nc3 Bd7 9. Bxa6 bxa6 10. Qe2 Rb8 11. b3 Bb4 12. Qd3 Bb5 13. Qd2 c5 14. a3 Ba5 15. Rb1 O-O 16. b4 cxb4 17. axb4 Bc7 18. Ra1 Bc4 19. Na4 Rfc8 20. Nc5 Bd6 21. Nd7 Qg6 22. Nxb8 Qxg2 23. Rg1 Qxf3 24. Nd7 Bxh2 25. Ne5 Qe4 26. f3 Qh4+ 27. Qf2 Qxf2+ 28. Kxf2 Bxg1+ 29. Kxg1 Bb5 30. Rc1 Rc3 31. Kf2 Ba4 32. Ke2 Rxc2+ 33. Rxc2 Bxc2 34. Ng6 Ba4 35. Nf4 Kf7 36. Kf2 g5 37. Nh3 Bd1 38. Ng1 Kg6 39. Nh3 Bxf3 40. Nxg5 Kxg5 41. Kxf3 h5 42. Kg3 h4+ 43. Kg2 Kg4 44. Kf2 h3 45. Kf1 Kf3 46. e4 Kxe4 47. b5 axb5 48. Kf2 Kxd4 49. Kg3 a5 50. Kh4 h2 51. Kg3 h1=Q 52. Kf4 a4 53. Kg5 a3 54. Kf6 a2 55. Ke7 a1=Q 56. Kd6 e5 57. Ke6 f4 58. Kf5 f3 59. Kg4 f2 60. Kg5 f1=Q 61. Kg4 Qf4# 0-1

[Event "DVM U10 2024"]
[Site "Duesseldorf"]
[Date "2024.12.28"]
[Round "4"]
[White "Nune, Likhith Siddharth"]
[Black "Estrin, Boris"]
[Result "1-0"]
[ECO "B01"]
[WhiteElo "1533"]
[BlackElo "1338"]
[Annotator "NA"]
[PlyCount "77"]
[EventDate "2024.12.23"]
[EventType "team-tourn"]
[EventRounds "7"]
[EventCountry "GER"]
[SourceTitle "playchess.com"]
[Source "ChessBase"]
[SourceQuality "1"]
[TimeControl "3300+5"]

1. e4 d5 2. exd5 Qxd5 3. Nc3 Qa5 4. Nf3 Bg4 5. Bc4 Nf6 6. d3 Nbd7 7. Bd2 O-O-O 8. h3 Bh5 9. Nb5 Qb6 10. a4 a5 11. Be3 Nc5 12. b4 e5 13. bxc5 Bxc5 14. Qc1 Bd4 15. Rb1 Qc5 16. Nfxd4 exd4 17. Nxd4 Rhe8 18. Ne6 Qc6 19. Nxd8 Qxg2 20. Rf1 Rxd8 21. Bg5 Re8+ 22. Be3 Qf3 23. Kd2 Rd8 24. Kc3 Qxh3 25. Qb2 Bf3 26. Qb5 Bc6 27. Qb3 Bf3 28. Bxf7 Kb8 29. Be6 Qh5 30. Rfd1 Qe5+ 31. d4 Ne4+ 32. Kb2 Qd6 33. Ka1 Nf6 34. d5 Qa6 35. Rdc1 h6 36. Rb2 Nxd5 37. Bxd5 Bxd5 38. Qa3 h5 39. Rd1 1-0

[Event "DVM U10 2024"]
[Site "Duesseldorf"]
[Date "2024.12.28"]
[Round "4"]
[White "Oezkurt, Alper"]
[Black "Stopp, Bruno"]
[Result "1-0"]
[ECO "C51"]
[WhiteElo "1533"]
[BlackElo "1519"]
[Annotator "NA"]
[PlyCount "74"]
[EventDate "2024.12.23"]
[EventType "team-tourn"]
[EventRounds "7"]
[EventCountry "GER"]
[SourceTitle "playchess.com"]
[Source "ChessBase"]
[SourceQuality "1"]
[TimeControl "3300+5"]

1. e4 e5 2. Nf3 Nc6 3. Bc4 Bc5 4. b4 Bxb4 5. c3 Bc5 6. d4 exd4 7. O-O Nf6 8. cxd4 Bb6 9. Bg5 h6 10. Bh4 g5 11. Bg3 Nxe4 12. Re1 d5 13. Bd3 Bf5 14. Nc3 Ba5 15. Qc2 Bxc3 16. Qxc3 Qd7 17. Bxe4 dxe4 18. d5 O-O-O 19. dxc6 Qxc6 20. Qxc6 bxc6 21. Ne5 Rd5 22. Nxf7 Rh7 23. Ne5 c5 24. Rad1 Rd4 25. f3 e3 26. Rc1 Rd2 27. Rxe3 Rxa2 28. Rxc5 Re7 29. Rec3 Ra1+ 30. Rc1 Ra2 31. Nc6 Ree2 32. Ne5 Rxg2+ 33. Kh1 Rgc2 34. R5xc2 Rxc2 35. Rxc2 Bxc2 36. Nf7 a5 37. Be5 a4 1-0

[Event "DVM U10 2024"]
[Site "Duesseldorf"]
[Date "2024.12.28"]
[Round "4"]
[White "Hu, Yinuo"]
[Black "Klaus, Simon"]
[Result "1-0"]
[ECO "B01"]
[WhiteElo "1495"]
[BlackElo "1197"]
[Annotator "NA"]
[PlyCount "125"]
[EventDate "2024.12.23"]
[EventType "team-tourn"]
[EventRounds "7"]
[EventCountry "GER"]
[SourceTitle "playchess.com"]
[Source "ChessBase"]
[SourceQuality "1"]
[TimeControl "3300+5"]

1. e4 d5 2. exd5 Qxd5 3. Nc3 Qa5 4. d4 Nf6 5. Nf3 Bg4 6. h3 Bxf3 7. Qxf3 c6 8. Bc4 Nbd7 9. Bd2 e6 10. O-O-O Bb4 11. a3 Bxc3 12. Bxc3 Qc7 13. Bb4 O-O-O 14. Rhe1 Rhe8 15. Qc3 Qf4+ 16. Qd2 Qxd2+ 17. Rxd2 Nb6 18. Bb3 Nbd5 19. Bxd5 Nxd5 20. g3 Nxb4 21. axb4 Rd5 22. c3 Red8 23. Re3 f6 24. Rxe6 Kd7 25. Rde2 Kc8 26. Re7 R8d7 27. Re8+ Kc7 28. R8e7 b5 29. h4 Rxe7 30. Rxe7+ Rd7 31. Rxd7+ Kxd7 32. f4 Ke6 33. g4 Kd5 34. g5 Ke4 35. gxf6 gxf6 36. Kd2 Kxf4 37. h5 h6 38. b3 Kf3 39. c4 Ke4 40. Kc3 f5 41. d5 cxd5 42. c5 d4+ 43. Kd2 Kd5 44. Kd3 a5 45. bxa5 Kxc5 46. b4+ Kd5 47. a6 Kc6 48. a7 Kb7 49. Kxd4 Kxa7 50. Ke5 f4 51. Kxf4 Kb6 52. Kf5 Kc6 53. Kg6 Kd5 54. Kxh6 Kc4 55. Kg7 Kxb4 56. h6 Ka3 57. h7 b4 58. h8=Q b3 59. Qh1 b2 60. Qb1 Kb3 61. Kf6 Kc3 62. Ke5 Kb3 63. Kd4 1-0

[Event "DVM U10 2024"]
[Site "Duesseldorf"]
[Date "2024.12.28"]
[Round "4"]
[White "Bienbeck, Matthis"]
[Black "Dintinger, Ata Lucien"]
[Result "1-0"]
[ECO "C90"]
[WhiteElo "1490"]
[BlackElo "1511"]
[Annotator "NA"]
[PlyCount "125"]
[EventDate "2024.12.23"]
[EventType "team-tourn"]
[EventRounds "7"]
[EventCountry "GER"]
[SourceTitle "playchess.com"]
[Source "ChessBase"]
[SourceQuality "1"]
[TimeControl "3300+5"]

1. e4 e5 2. Nf3 Nc6 3. Bb5 a6 4. Ba4 Nf6 5. O-O Be7 6. Re1 b5 7. Bb3 d6 8. c3 O-O 9. d3 Na5 10. Bc2 c5 11. Nbd2 Nc6 12. Nf1 Bg4 13. Ne3 Bd7 14. h3 Qc8 15. Kh2 Nd8 16. Nf1 Ne6 17. Qe2 Nf4 18. Bxf4 exf4 19. Rad1 Re8 20. Qd2 Nh5 21. d4 Rd8 22. Qd3 c4 23. Qe2 h6 24. e5 d5 25. Ng1 g6 26. e6 Bxe6 27. Bxg6 fxg6 28. Qxe6+ Qxe6 29. Rxe6 Kf7 30. Rde1 Re8 31. Nf3 Bf6 32. Rxe8 Rxe8 33. Rxe8 Kxe8 34. g4 Ng7 35. h4 Kd7 36. g5 hxg5 37. hxg5 Be7 38. Kh3 Ke6 39. Kg4 Nh5 40. Ne5 Bd6 41. Nxg6 Ng7 42. Nh4 a5 43. Ng2 b4 44. Nxf4+ Bxf4 45. Kxf4 Nf5 46. Kg4 a4 47. a3 b3 48. Ne3 Ng7 49. f4 Ne8 50. f5+ Kd6 51. g6 Ng7 52. Kg5 Ne8 53. f6 Nc7 54. g7 Ne6+ 55. Kf5 Nc7 56. g8=Q Kc6 57. Qe6+ Nxe6 58. Kxe6 Kc7 59. f7 Kc6 60. f8=Q Kc7 61. Qc8+ Kb6 62. Kd6 Ka5 63. Nxd5 1-0

[Event "DVM U10 2024"]
[Site "Duesseldorf"]
[Date "2024.12.28"]
[Round "4"]
[White "Yuksel, Arda Eren"]
[Black "Gerhardt, Noah"]
[Result "0-1"]
[ECO "C66"]
[WhiteElo "1488"]
[BlackElo "1140"]
[Annotator "NA"]
[PlyCount "72"]
[EventDate "2024.12.23"]
[EventType "team-tourn"]
[EventRounds "7"]
[EventCountry "GER"]
[SourceTitle "playchess.com"]
[Source "ChessBase"]
[SourceQuality "1"]
[TimeControl "3300+5"]

1. e4 e5 2. Nf3 Nc6 3. Bb5 Nf6 4. O-O d6 5. Re1 Bd7 6. c3 Be7 7. d4 O-O 8. d5 Nb8 9. Bxd7 Nbxd7 10. Bg5 h6 11. Bh4 c6 12. c4 Qb6 13. b3 cxd5 14. cxd5 Rfe8 15. Nc3 Qb4 16. Rc1 Rac8 17. Qc2 Rc7 18. h3 Kf8 19. Re3 Rec8 20. Nd2 g5 21. Bg3 Nh5 22. Kf1 Nxg3+ 23. Rxg3 Qb5+ 24. Kg1 Qb4 25. Qb2 Nb6 26. a3 Qd4 27. Qc2 Qc5 28. b4 Qb5 29. Rd3 Qd7 30. Rf3 f6 31. Nb3 Na4 32. Na5 Nxc3 33. Re3 Nxd5 34. Re2 Rxc2 35. Rexc2 Rxc2 36. Rxc2 Nb6 0-1

[Event "DVM U10 2024"]
[Site "Duesseldorf"]
[Date "2024.12.28"]
[Round "4"]
[White "von Gehlen, Elian"]
[Black "Braren, Ove Neelis"]
[Result "0-1"]
[ECO "C29"]
[WhiteElo "1464"]
[BlackElo "1634"]
[Annotator "NA"]
[PlyCount "100"]
[EventDate "2024.12.23"]
[EventType "team-tourn"]
[EventRounds "7"]
[EventCountry "GER"]
[SourceTitle "playchess.com"]
[Source "ChessBase"]
[SourceQuality "1"]
[TimeControl "3300+5"]

1. e4 e5 2. Nc3 Nf6 3. f4 d5 4. fxe5 Nxe4 5. Qf3 Nxc3 6. dxc3 c5 7. Bf4 Be6 8. O-O-O Nc6 9. Bc4 Qc8 10. Be2 Be7 11. Qg3 g6 12. Bf3 Qd7 13. c4 d4 14. b3 O-O-O 15. Nh3 h6 16. Nf2 Qc7 17. Nd3 Qb6 18. Bg4 g5 19. Bxe6+ fxe6 20. Bd2 Qc7 21. Rhf1 Rdf8 22. Qh3 Qd7 23. Rxf8+ Bxf8 24. Bxg5 Be7 25. Bxe7 Qxe7 26. Nf4 Nd8 27. Kb2 Qf7 28. g3 Rh7 29. Rf1 h5 30. Nd5 Qg7 31. Nf6 Rh6 32. Nxh5 Qxe5 33. g4 d3+ 34. Kb1 d2 35. Rd1 Qe2 36. Qf1 Qxg4 37. Nf4 Rf6 38. Qd3 Qxd1+ 39. Kb2 Qc1+ 40. Kc3 d1=Q 41. Qxd1 Qxd1 42. Kb2 Rxf4 43. h4 Qd4+ 44. Ka3 Rxh4 45. Ka4 b5+ 46. Ka5 Nb7+ 47. Kxb5 Qd7+ 48. Ka6 Qc6+ 49. Kxa7 Na5 50. b4 Qb7# 0-1

[Event "DVM U10 2024"]
[Site "Duesseldorf"]
[Date "2024.12.28"]
[Round "4"]
[White "von Gehlen, Samuel"]
[Black "Zhukov, Eli"]
[Result "1-0"]
[ECO "C29"]
[WhiteElo "1459"]
[BlackElo "1018"]
[Annotator "NA"]
[PlyCount "97"]
[EventDate "2024.12.23"]
[EventType "team-tourn"]
[EventRounds "7"]
[EventCountry "GER"]
[SourceTitle "playchess.com"]
[Source "ChessBase"]
[SourceQuality "1"]
[TimeControl "3300+5"]

1. e4 e5 2. Nc3 Nf6 3. f4 d5 4. fxe5 Nxe4 5. Qf3 Nxc3 6. dxc3 c5 7. Qg3 Nc6 8. Bb5 Qb6 9. Bxc6+ Qxc6 10. Nf3 Be6 11. O-O O-O-O 12. Bg5 Rd7 13. a4 h6 14. Be3 g5 15. a5 f5 16. exf6 Bd6 17. Ne5 Bxe5 18. Qxe5 Bf7 19. Bf2 Re8 20. Qf5 g4 21. Qxg4 Rg8 22. Qf4 d4 23. Bg3 Qc7 24. Qxc7+ Rxc7 25. Bxc7 Kxc7 26. Rae1 Kd7 27. Re7+ Kd8 28. Rxf7 dxc3 29. bxc3 Kc8 30. Rg7 Rf8 31. f7 Kc7 32. Rg8 Rxf7 33. Rxf7+ Kc6 34. Rf6+ Kb5 35. Rxh6 b6 36. axb6 axb6 37. g4 Kc4 38. Rh3 Kd5 39. g5 Ke6 40. Rf3 Ke7 41. g6 Ke6 42. g7 Kd5 43. Rd8+ Kc4 44. g8=Q+ Kb5 45. Qb3+ Kc6 46. Qd5+ Kb5 47. c4+ Kb4 48. Rb3+ Ka4 49. Qa8# 1-0

[Event "DVM U10 2024"]
[Site "Duesseldorf"]
[Date "2024.12.28"]
[Round "4"]
[White "Wilting, Oskar"]
[Black "Sandal, Ilyas"]
[Result "1-0"]
[ECO "D00"]
[WhiteElo "1454"]
[BlackElo "943"]
[Annotator "NA"]
[PlyCount "121"]
[EventDate "2024.12.23"]
[EventType "team-tourn"]
[EventRounds "7"]
[EventCountry "GER"]
[SourceTitle "playchess.com"]
[Source "ChessBase"]
[SourceQuality "1"]
[TimeControl "3300+5"]

1. d4 d5 2. Nc3 c5 3. e3 Nc6 4. Be2 Nf6 5. Nf3 Bg4 6. h3 Bh5 7. g4 Bg6 8. Ne5 Nxe5 9. dxe5 Be4 10. f3 d4 11. exf6 dxc3 12. fxe4 Qa5 13. bxc3 Qxc3+ 14. Kf2 a6 15. Bd2 Qxf6+ 16. Bf3 Rd8 17. Rb1 b5 18. e5 Qe6 19. Qe1 g6 20. Rd1 Bh6 21. Ba5 Rxd1 22. Qxd1 O-O 23. Qd5 Bg7 24. Qxe6 fxe6 25. Bc3 b4 26. Bb2 a5 27. Rd1 a4 28. Rd7 a3 29. Ba1 c4 30. Bd4 b3 31. axb3 cxb3 32. cxb3 Rb8 33. Rb7 Ra8 34. Rb4 Rc8 35. Rc4 Rb8 36. b4 a2 37. Rc2 Rxb4 38. Rxa2 Kf7 39. Ra5 Rc4 40. Rc5 Rxc5 41. Bxc5 Bxe5 42. Bd4 Bxd4 43. exd4 Kf6 44. Ke3 h6 45. Kf4 g5+ 46. Ke4 Kg6 47. Ke5 Kf7 48. Be2 Ke8 49. Bb5+ Kf7 50. Ba4 Kg7 51. Kxe6 Kf8 52. Bb5 Kg7 53. Kxe7 Kg6 54. Be2 h5 55. d5 hxg4 56. hxg4 Kg7 57. d6 Kh7 58. d7 Kg6 59. d8=Q Kh7 60. Bd3+ Kh6 61. Qf8# 1-0

[Event "DVM U10 2024"]
[Site "Duesseldorf"]
[Date "2024.12.28"]
[Round "4"]
[White "Glavev, Victor"]
[Black "Benischke, Moritz"]
[Result "1-0"]
[ECO "C56"]
[WhiteElo "1443"]
[BlackElo "1421"]
[Annotator "NA"]
[PlyCount "91"]
[EventDate "2024.12.23"]
[EventType "team-tourn"]
[EventRounds "7"]
[EventCountry "GER"]
[SourceTitle "playchess.com"]
[Source "ChessBase"]
[SourceQuality "1"]
[TimeControl "3300+5"]

1. e4 e5 2. Nf3 Nc6 3. d4 exd4 4. Bc4 Nf6 5. e5 Ne4 6. Bd5 Nc5 7. Ng5 Nxe5 8. Qxd4 f6 9. Nf3 Nxf3+ 10. Bxf3 c6 11. O-O Be7 12. Qg4 O-O 13. Bh6 Rf7 14. Qg3 d5 15. Bh5 g6 16. Bg4 Bd6 17. Qh4 Bxg4 18. Qxg4 Qc7 19. h3 Qb6 20. b3 Be5 21. c3 Qa6 22. f4 f5 23. Qf3 Bd6 24. Re1 Nxb3 25. Nd2 Nxa1 26. Rxa1 Bc5+ 27. Kh2 Qa3 28. Nb3 Qb2 29. Rf1 Bd6 30. Rf2 Qa3 31. Re2 Qa6 32. Re6 Rd8 33. Bg5 Rdd7 34. Qf2 b6 35. Re8+ Rf8 36. Re6 c5 37. Bh6 Rff7 38. Re8+ Bf8 39. Bg5 c4 40. Nd4 Kg7 41. Ne6+ Kg8 42. Qh4 h5 43. Bf6 b5 44. Qg5 Rd6 45. Qxg6+ Rg7 46. Qxg7# 1-0

[Event "DVM U10 2024"]
[Site "Duesseldorf"]
[Date "2024.12.28"]
[Round "4"]
[White "Vlad, Mark"]
[Black "Artarov, Rina"]
[Result "1-0"]
[ECO "B01"]
[WhiteElo "1439"]
[BlackElo "1122"]
[Annotator "NA"]
[PlyCount "85"]
[EventDate "2024.12.23"]
[EventType "team-tourn"]
[EventRounds "7"]
[EventCountry "GER"]
[SourceTitle "playchess.com"]
[Source "ChessBase"]
[SourceQuality "1"]
[TimeControl "3300+5"]

1. e4 d5 2. exd5 Qxd5 3. Nc3 Qa5 4. Bc4 c6 5. d4 Bf5 6. Bf4 e6 7. a3 Nf6 8. b4 Bxb4 9. axb4 Qxb4 10. Qd2 Qxc4 11. Ra4 Ne4 12. Rxc4 Nxd2 13. Kxd2 Nd7 14. Rb4 Nb6 15. Bc7 Nd7 16. Nf3 b6 17. Bg3 O-O 18. Ne5 Nxe5 19. Bxe5 c5 20. dxc5 Rfd8+ 21. Kc1 bxc5 22. Rc4 Rdc8 23. Bd6 a5 24. Rxc5 Rd8 25. Bc7 Rdc8 26. Rxa5 h6 27. Rxa8 Rxa8 28. Kb2 Ra7 29. Bg3 Rb7+ 30. Kc1 Ra7 31. Rd1 Ra3 32. Kd2 Ra7 33. Ke2 Bxc2 34. Rd2 Bb3 35. Rd4 Ra1 36. Rg4 Rc1 37. Be5 f6 38. Bxf6 Rc2+ 39. Ke3 g5 40. h4 Kf7 41. hxg5 hxg5 42. Ne4 Rc4 43. Nd6+ 1-0

[Event "DVM U10 2024"]
[Site "Duesseldorf"]
[Date "2024.12.28"]
[Round "4"]
[White "Götz, Georg"]
[Black "Kukhtichev, Maksim"]
[Result "1-0"]
[ECO "C46"]
[WhiteElo "1284"]
[BlackElo "1639"]
[Annotator "NA"]
[PlyCount "85"]
[EventDate "2024.12.23"]
[EventType "team-tourn"]
[EventRounds "7"]
[EventCountry "GER"]
[SourceTitle "playchess.com"]
[Source "ChessBase"]
[SourceQuality "1"]
[TimeControl "3300+5"]

1. e4 e5 2. Nf3 Nc6 3. Nc3 Bb4 4. Nd5 Nf6 5. Nxb4 Nxb4 6. d3 d6 7. c3 Nc6 8. Bg5 O-O 9. h4 h6 10. Be3 d5 11. exd5 Nxd5 12. Nd2 Nxe3 13. fxe3 f5 14. Be2 f4 15. e4 b6 16. Bg4 Qxd3 17. Bf3 Qd6 18. h5 Ba6 19. Be2 Bxe2 20. Qxe2 Rad8 21. Qc4+ Kh8 22. O-O-O a5 23. Nf3 Qf6 24. Rxd8 Rxd8 25. Rd1 Rxd1+ 26. Kxd1 Qd6+ 27. Kc2 Qc5 28. Qxc5 bxc5 29. Kb3 Kg8 30. Kc4 Kf7 31. Kxc5 Na7 32. Nxe5+ Ke6 33. Ng6 Kf6 34. Nxf4 Ke5 35. g3 Kxe4 36. Ne6 Kf3 37. Nxg7 Kxg3 38. Nf5+ Kg4 39. Nxh6+ Kxh5 40. Nf5 Kg6 41. Ne7+ Kf6 42. Nc6 Ke6 43. Nxa7 1-0

[Event "DVM U10 2024"]
[Site "Duesseldorf"]
[Date "2024.12.28"]
[Round "4"]
[White "Belyakov, Konstantin"]
[Black "Ju, Eric Zirui"]
[Result "1-0"]
[ECO "B56"]
[WhiteElo "1251"]
[BlackElo "1126"]
[Annotator "NA"]
[PlyCount "129"]
[EventDate "2024.12.23"]
[EventType "team-tourn"]
[EventRounds "7"]
[EventCountry "GER"]
[SourceTitle "playchess.com"]
[Source "ChessBase"]
[SourceQuality "1"]
[TimeControl "3300+5"]

1. e4 c5 2. Nf3 d6 3. d4 cxd4 4. Nxd4 Nf6 5. Nc3 Nc6 6. Nf3 g6 7. Rb1 Bg7 8. Bd2 O-O 9. Bd3 Bg4 10. a3 Ne5 11. Be2 Bxf3 12. Bxf3 Nxf3+ 13. Qxf3 Qd7 14. O-O b6 15. Rbd1 Qg4 16. Qxg4 Nxg4 17. h3 Ne5 18. b3 Rac8 19. Nd5 Rfe8 20. c4 e6 21. Ne3 Rcd8 22. Bb4 Bf8 23. Rd2 Rd7 24. Rfd1 Red8 25. Bc3 Bg7 26. Bb4 Bf8 27. a4 f6 28. a5 Nc6 29. Bc3 Be7 30. axb6 axb6 31. Ng4 Kf7 32. e5 f5 33. exd6 Rxd6 34. Rxd6 Bxd6 35. Ne5+ Nxe5 36. Bxe5 Ke7 37. Bxd6+ Rxd6 38. Rc1 Rc6 39. Kf1 Kd6 40. Ke2 b5 41. Kd3 e5 42. f3 bxc4+ 43. Rxc4 Rxc4 44. Kxc4 h6 45. b4 h5 46. h4 f4 47. b5 Kc7 48. Kd5 Kb6 49. Kxe5 Kxb5 50. Kxf4 Kc6 51. Kg5 Kd7 52. Kxg6 Ke6 53. f4 Ke7 54. Kg7 Ke6 55. Kg6 Ke7 56. f5 Kf8 57. Kf6 Kg8 58. Ke7 Kg7 59. f6+ Kh8 60. f7 Kh7 61. f8=Q Kg6 62. Qf4 Kg7 63. Qg5+ Kh7 64. Kf7 Kh8 65. Qxh5# 1-0

[Event "DVM U10 2024"]
[Site "Duesseldorf"]
[Date "2024.12.28"]
[Round "4"]
[White "Rogozhin, Georg"]
[Black "Elli, Emeric"]
[Result "0-1"]
[ECO "C50"]
[WhiteElo "1232"]
[BlackElo "1574"]
[Annotator "NA"]
[PlyCount "112"]
[EventDate "2024.12.23"]
[EventType "team-tourn"]
[EventRounds "7"]
[EventCountry "GER"]
[SourceTitle "playchess.com"]
[Source "ChessBase"]
[SourceQuality "1"]
[TimeControl "3300+5"]

1. e4 e5 2. Nf3 Nc6 3. Bc4 Nf6 4. c3 d6 5. d4 Nxe4 6. dxe5 dxe5 7. Qxd8+ Nxd8 8. Nxe5 Bd6 9. Nf3 Be6 10. Bb3 Bxb3 11. axb3 Ne6 12. Be3 b6 13. O-O O-O 14. c4 N6c5 15. Nc3 Nxc3 16. bxc3 Nxb3 17. Rab1 Nc5 18. Bd4 Ne6 19. Rfe1 c5 20. Be5 Rfd8 21. Red1 Bxe5 22. Rxd8+ Rxd8 23. Nxe5 Rd6 24. g3 f6 25. Ng4 Nd8 26. Ne3 Nc6 27. Nd5 Na5 28. Ne7+ Kf7 29. Nf5 Rd3 30. Ra1 g6 31. Ne3 Rxc3 32. Kf1 Rd3 33. Ke2 Rd7 34. f4 h5 35. h4 Nb3 36. Ra2 Nc1+ 37. Ke1 Nxa2 38. Nd5 Nb4 39. Ne3 Re7 40. Kd2 a5 41. Nd1 Rd7+ 42. Kc1 Rd3 43. Nb2 Rxg3 44. Kd1 Rg4 45. Ke2 Rg2+ 46. Kd1 Rxb2 47. f5 gxf5 48. Kc1 Nd3+ 49. Kd1 Nb4 50. Kc1 Rh2 51. Kb1 f4 52. Kc1 Rc2+ 53. Kd1 a4 54. Ke1 a3 55. Kf1 a2 56. Kg1 a1=Q# 0-1

[Event "DVM U10 2024"]
[Site "Duesseldorf"]
[Date "2024.12.28"]
[Round "4"]
[White "Wüstenberg, Jan"]
[Black "Sachse, Alina"]
[Result "1-0"]
[ECO "C50"]
[WhiteElo "1221"]
[BlackElo "848"]
[Annotator "NA"]
[PlyCount "81"]
[EventDate "2024.12.23"]
[EventType "team-tourn"]
[EventRounds "7"]
[EventCountry "GER"]
[SourceTitle "playchess.com"]
[Source "ChessBase"]
[SourceQuality "1"]
[TimeControl "3300+5"]

1. e4 e5 2. Nf3 Nc6 3. Bc4 f6 4. Nc3 Nge7 5. d3 g6 6. Be3 d6 7. h3 f5 8. Nd5 Nxd5 9. Bxd5 Bd7 10. Bg5 Be7 11. Bh6 Bf6 12. O-O Qe7 13. Qd2 O-O-O 14. Ng5 f4 15. Nf7 Rhg8 16. Nxd8 Rxd8 17. Qc3 Bh4 18. Qa3 a6 19. b4 Re8 20. b5 Kd8 21. bxc6 Bxc6 22. Bxc6 bxc6 23. Qxa6 Kd7 24. a4 g5 25. a5 Qf6 26. g3 fxg3 27. fxg3 Qxh6 28. gxh4 Qxh4 29. Rf2 Qg3+ 30. Rg2 Qf4 31. Qa7 Rf8 32. a6 Qe3+ 33. Qxe3 Ke7 34. Qxg5+ Ke6 35. Qh6+ Ke7 36. Rg7+ Ke8 37. a7 Rf7 38. a8=Q+ Ke7 39. Qg5+ Ke6 40. Qe8+ Re7 41. Qgxe7# 1-0

[Event "DVM U10 2024"]
[Site "Duesseldorf"]
[Date "2024.12.28"]
[Round "4"]
[White "Nickel, Alexander"]
[Black "Busch, Jonathan Luis"]
[Result "0-1"]
[ECO "B50"]
[WhiteElo "1200"]
[BlackElo "1655"]
[Annotator "NA RC"]
[PlyCount "136"]
[EventDate "2024.12.23"]
[EventType "team-tourn"]
[EventRounds "7"]
[EventCountry "GER"]
[SourceTitle "playchess.com"]
[Source "ChessBase"]
[SourceQuality "1"]
[TimeControl "3300+5"]

1. e4 c5 2. Nf3 d6 3. Nc3 a6 4. Be2 Nf6 5. d3 Nc6 6. Be3 e6 7. h3 d5 8. exd5 exd5 9. Bg5 Be7 10. O-O h6 11. Bh4 O-O 12. Re1 Bf5 13. a3 Qd7 14. Nh2 Ne8 15. Bxe7 Nxe7 16. Bg4 Nd6 17. b3 Rad8 18. Na4 Qc7 19. Nxc5 Qxc5 20. Rxe7 Ne4 21. dxe4 Bxg4 22. Qxg4 Qxe7 23. exd5 Rxd5 24. Qg3 Rfd8 25. Ng4 Rd1+ 26. Rxd1 Rxd1+ 27. Kh2 b5 28. Nxh6+ Kh7 29. Nf5 Qf6 30. Qg4 Rd2 31. Qh5+ Kg8 32. Qf3 Rxc2 33. g4 Rc8 34. Qb7 Re8 35. Qd7 Qe6 36. Qd2 Qe2 37. Qd4 Qe5+ 38. Qxe5 Rxe5 39. Nd6 Re2 40. Kg3 Rd2 41. Ne4 Rd3+ 42. f3 Rxb3 43. a4 bxa4 44. Nc5 a5 45. Nxa4 Rb4 46. Nc3 a4 47. h4 a3 48. Na2 Rb2 49. Nc1 Rc2 50. Nb3 a2 51. Na1 Rc1 52. Nb3 Rb1 53. Nd2 a1=Q 54. Nxb1 Qxb1 55. h5 g6 56. h6 Kh7 57. g5 Qf5 58. f4 f6 59. gxf6 Kxh6 60. f7 Qxf7 61. f5 Qxf5 62. Kh4 g5+ 63. Kg3 Qf3+ 64. Kh2 g4 65. Kg1 Qe2 66. Kh1 g3 67. Kg1 Qf2+ 68. Kh1 Qh2# 0-1

[Event "DVM U10 2024"]
[Site "Duesseldorf"]
[Date "2024.12.28"]
[Round "4"]
[White "Torgoev, Timur"]
[Black "Brakhane, Justus"]
[Result "1/2-1/2"]
[ECO "B01"]
[WhiteElo "1153"]
[BlackElo "1068"]
[Annotator "NA"]
[PlyCount "82"]
[EventDate "2024.12.23"]
[EventType "team-tourn"]
[EventRounds "7"]
[EventCountry "GER"]
[SourceTitle "playchess.com"]
[Source "ChessBase"]
[SourceQuality "1"]
[TimeControl "3300+5"]

1. e4 d5 2. exd5 Nf6 3. Bc4 c6 4. dxc6 Nxc6 5. Nf3 e5 6. Ng5 Nd5 7. Nc3 Be6 8. d3 Be7 9. Nxe6 fxe6 10. Qf3 Bb4 11. Bd2 Bxc3 12. Bxc3 Rf8 13. Qe4 Nxc3 14. bxc3 Rf4 15. Qxh7 Qf6 16. Qg8+ Qf8 17. Qxf8+ Kxf8 18. Bxe6 e4 19. Kd2 exd3 20. Kxd3 Rxf2 21. g4 Ke7 22. Bd5 Ne5+ 23. Kd4 Nxg4 24. Bxb7 Rd8+ 25. Kc4 Ne3+ 26. Kb5 Rb8 27. Ka6 Rxc2 28. Kxa7 Rd8 29. a4 Rxc3 30. a5 Rc7 31. Kb6 Rcd7 32. a6 Rd6+ 33. Kc5 Nd5 34. Bxd5 Rxd5+ 35. Kc4 R5d7 36. a7 Ra8 37. Rhe1+ Kf7 38. Rf1+ Kg8 39. h4 Raxa7 40. Rxa7 Rxa7 41. Rh1 Rf7 1/2-1/2

[Event "DVM U10 2024"]
[Site "Duesseldorf"]
[Date "2024.12.28"]
[Round "4"]
[White "Tolle, Jonathan"]
[Black "Graf, Tom"]
[Result "0-1"]
[ECO "C78"]
[WhiteElo "1149"]
[BlackElo "1456"]
[Annotator "NA"]
[PlyCount "74"]
[EventDate "2024.12.23"]
[EventType "team-tourn"]
[EventRounds "7"]
[EventCountry "GER"]
[SourceTitle "playchess.com"]
[Source "ChessBase"]
[SourceQuality "1"]
[TimeControl "3300+5"]

1. e4 e5 2. Nf3 Nc6 3. Bb5 Bc5 4. O-O d6 5. h3 Nf6 6. d3 a6 7. Ba4 b5 8. Bb3 O-O 9. Bg5 Be6 10. Nc3 h6 11. Bh4 Bd4 12. Nxd4 Nxd4 13. Bd5 c6 14. Bb3 a5 15. Bxe6 fxe6 16. Ne2 Nxe2+ 17. Qxe2 Qe8 18. c3 Ra7 19. f3 Nh5 20. Qe3 Raf7 21. Kh2 Nf4 22. Bg3 Qe7 23. Rad1 Rf6 24. Qb6 Rg6 25. Rf2 Nh5 26. Bxe5 dxe5 27. Qxc6 Qg5 28. g4 Qf4+ 29. Kg1 Qg3+ 30. Kf1 Rxf3 31. Qe8+ Kh7 32. Rxf3 Qxf3+ 33. Ke1 Qe3+ 34. Kf1 Rf6+ 35. Kg2 Rf2+ 36. Kh1 Ng3+ 37. Kg1 Rd2# 0-1

[Event "DVM U10 2024"]
[Site "Duesseldorf"]
[Date "2024.12.28"]
[Round "4"]
[White "Leppin, Mattis"]
[Black "Breaz, Albert"]
[Result "0-1"]
[ECO "D85"]
[WhiteElo "1138"]
[BlackElo "1494"]
[Annotator "NA"]
[PlyCount "38"]
[EventDate "2024.12.23"]
[EventType "team-tourn"]
[EventRounds "7"]
[EventCountry "GER"]
[SourceTitle "playchess.com"]
[Source "ChessBase"]
[SourceQuality "1"]
[TimeControl "3300+5"]

1. d4 Nf6 2. c4 g6 3. Nf3 d5 4. Nc3 Bg7 5. cxd5 Nxd5 6. e4 Nxc3 7. bxc3 c5 8. Be3 Bg4 9. Be2 Nc6 10. O-O O-O 11. d5 Ne5 12. Nxe5 Bxe2 13. Qxe2 Bxe5 14. Bxc5 Qc7 15. Bd4 Bxh2+ 16. Kh1 Be5 17. Be3 Qd8 18. Rac1 e6 19. c4 Qh4+ 0-1

[Event "DVM U10 2024"]
[Site "Duesseldorf"]
[Date "2024.12.28"]
[Round "4"]
[White "Breaz, Arthur"]
[Black "Mettenbrink, Tammo"]
[Result "0-1"]
[ECO "C54"]
[WhiteElo "1123"]
[BlackElo "1029"]
[Annotator "NA"]
[PlyCount "52"]
[EventDate "2024.12.23"]
[EventType "team-tourn"]
[EventRounds "7"]
[EventCountry "GER"]
[SourceTitle "playchess.com"]
[Source "ChessBase"]
[SourceQuality "1"]
[TimeControl "3300+5"]

1. e4 e5 2. Nf3 Nc6 3. Bc4 Bc5 4. c3 Nf6 5. d4 exd4 6. cxd4 Qe7 7. dxc5 O-O 8. O-O Qxe4 9. Nbd2 Qe7 10. Nb3 b6 11. Be3 Bb7 12. Re1 Qe4 13. Bd4 Qg4 14. h3 Qh5 15. Bc3 Rfe8 16. Bxf6 gxf6 17. Qxd7 Ne5 18. Nxe5 fxe5 19. Qg4+ Qxg4 20. hxg4 Kg7 21. cxb6 cxb6 22. Bb5 Re6 23. f4 Rg6 24. fxe5 Rxg4 25. Re2 Rg8 26. Rd1 Bf3 0-1